 Dungeon Crawl Stone Soup version 0.29-a0-304-gb34f9e133a (webtiles) character file.

Game seed: 3549789686925990769

1489 sanka the Ducker (level 8, -4/63 (67) HPs)
             Began as a Gnoll Monk on Mar 26, 2022.
             Was a High Priest of Jiyva.
             Slain by a sky beast (5 damage)
             ... on level 5 of the Dungeon.
             The game lasted 00:09:21 (4431 turns).

sanka the Ducker (Gnoll Monk)                       Turns: 4431, Time: 00:09:23

HP:   -4/63 (67)    AC:  2    Str: 14    XL:     8   Next: 80%
MP:   16/16         EV: 25    Int: 13    God:    Jiyva [*****.]
Gold: 197           SH:  0    Dex: 19    Spells: 11/14 levels left

rFire   . . .      SeeInvis .     - Unarmed
rCold   . . .      Faith    .   (shield currently unavailable)
rNeg    . . .      Spirit   .   (body armour currently unavailable)
rPois   x          Reflect  .   (helmet currently unavailable)
rElec   .          Harm     .   (cloak currently unavailable)
rCorr   +          Rampage  .   (gloves currently unavailable)
Will    .....                   (boots currently unavailable)
Stlth   +.........              (no amulet)
HPRegen 1.64/turn               (no ring)
MPRegen 0.60/turn               (no ring)

@: confused, lethally poisoned (-4 -> -7), spider-form, ambrosia-drunk, drained
A: venomous fangs, tiny, (fangs 1), strong nose, distributed training, clever 2,
(fire resistance 3), high MP 2, (acidic bite)
a: End Transformation, Renounce Religion, Oozemancy, Slimify


You were on level 5 of the Dungeon.
You worshipped Jiyva.
Jiyva was extremely pleased with you.
You were a venomous arachnid creature.
You visited 1 branch of the dungeon, and saw 6 of its levels.

You collected 197 gold pieces.


Innate Abilities, Weirdness & Mutations

You are a venomous arachnid creature.
You have poisonous fangs.
You are tiny and dextrous.
Your spellcasting is less reliable in this form.
Your armour is entirely melded.
You are incapable of wielding weapons or throwing items.
((You have very sharp teeth.))
Your uncanny sense of smell can sniff out nearby items.
Your experience applies equally to all skills.
Your mind is very acute. (Int +4)
((Your flesh is almost immune to the effects of heat. (rF+++)))
You have a considerably increased reservoir of magic. (+20% MP)
((You have acidic saliva.))


   Skills:
 + Level 7.5 Fighting
 + Level 3.6 Short Blades
 + Level 3.6 Long Blades
 + Level 7.5 Axes
 + Level 3.6 Maces & Flails
 + Level 3.6 Polearms
 + Level 3.6 Staves
 + Level 3.6 Slings
 + Level 3.6 Bows
 + Level 3.6 Crossbows
 + Level 3.6 Throwing
 + Level 3.6 Armour
 + Level 7.5 Dodging
 + Level 5.6 Stealth
 + Level 3.6 Shields
 + Level 3.6 Unarmed Combat
 + Level 3.6 Spellcasting
 + Level 2.9 Conjurations
 + Level 2.9 Hexes
 + Level 2.9 Summonings
 + Level 2.9 Necromancy
 + Level 2.9 Translocations
 + Level 2.9 Transmutations
 + Level 2.9 Fire Magic
 + Level 2.9 Ice Magic
 + Level 2.9 Air Magic
 + Level 2.9 Earth Magic
 + Level 2.9 Poison Magic
 + Level 4.0 Invocations
 + Level 3.6 Evocations


You had 11 spell levels left.
You knew the following spells:

 Your Spells              Type           Power      Damage    Failure   Level
z - Spider Form           Tmut/Pois      10%        N/A       38%         3

Your spell library contained the following spells:

 Spells                   Type           Power      Damage    Failure   Level
 Beastly Appendage        Tmut           20%        N/A       17%         1
 Ensorcelled Hibernation  Hex/Ice        20%        N/A       24%         2
 Wereblood                Tmut           10%        N/A       24%         2
 Anguish                  Hex/Necr       5%         N/A       75%         4
 Cause Fear               Hex            5%         N/A       75%         4
 Dispersal                Tloc           5%         N/A       100%        6
 Dragon Form              Tmut           5%         N/A       100%        7
 Disjunction              Tloc           5%         N/A       100%        8
 Dragon's Call            Summ           5%         N/A       100%        9

Inventory:

Hand Weapons
 q - a +0 halberd
 s - a +0 whip of electrocution (melded)
 v - a +0 war axe
Missiles
 r - 2 throwing nets (quivered) {=f}
 t - 3 poisoned darts
Armour
 b - a +0 robe (melded)
 u - a +0 helmet (melded)
 w - a +1 cloak of poison resistance (melded)
Scrolls
 d - a scroll of amnesia {unknown}
 e - a scroll of fear {unknown}
 g - a scroll of magic mapping {unknown}
 i - a scroll of enchant weapon {unknown}
 m - 5 scrolls of identify {unknown}
 n - a scroll of fog {unknown}
Potions
 a - a potion of haste {@q3}
 f - a potion of mutation {unknown}
 j - a potion of cancellation {unknown}
 k - a potion of attraction {unknown}
 l - 2 potions of curing {unknown}
 o - a potion of berserk rage {unknown}

Dungeon Overview and Level Annotations

Branches:
Dungeon (6/15)             Temple (0/1) D:5

Altars:
Fedhas
Jiyva

▒▒▒▒▒▒▒▒▒▒▒.....▒▒....▒
▒..(.▒ ▒.....▒▒...▒▒
▒.J..▒ ▒.....▒▒...▒
▒....▒ ▒..........▒
▒....▒ ▒...▒..▒▒▒▒▒
▒....▒ ▒......▒ .....▒
▒....n.▒ ▒▒▒▒▒ ....▒▒
▒▒▒▒.{s▒ ▒J..▒ ....▒
▒▒▒s▒ ▒...▒ ....▒ ▒.▒
▒..J▒ ....▒ ▒.▒ ▒▒'▒▒
....▒ ▒.▒ ▒.▒▒ ▒▒▒▒▒
▒.▒ ▒▒.▒ ▒.▒ ▒.▒▒ ▒.▒
▒▒.▒ ▒.▒ ▒▒.▒▒ ▒.▒
▒▒.f.▒


You could see a necrophage and a scorpion.


Message History

* * * LOW HITPOINT WARNING * * *
Something shocks you.
* * * LOW HITPOINT WARNING * * *
The necrophage misses you.
Unknown command.
* * * LOW HITPOINT WARNING * * *
You feel extremely sick. The scorpion completely misses you.
Something barely misses you. The necrophage completely misses you.
You climb upwards.
Reactivating autopickup.
* * * LOW HITPOINT WARNING * * *
You feel extremely sick.
There is a stone staircase leading down here.
Unknown command.
The necrophage attacks as you move away!
The necrophage completely misses you. Something completely misses you.
* * * LOW HITPOINT WARNING * * *
You feel very sick.
You are confused.
You feel invigorated.
* * * LOW HITPOINT WARNING * * *
You feel very sick. The scorpion misses you. Something hits you.
* * * LOW HITPOINT WARNING * * *
Something shocks you.
You die...

Action                   |  1- 3 |  4- 6 |  7- 9 || total
-------------------------+-------+-------+-------++-------
Melee: Hand axe          |    79 |   314 |    59 ||   452
       Bite              |     7 |    33 |    25 ||    65
       Punch             |       |     5 |     5 ||    10
       Whip              |       |       |   162 ||   162
       Unarmed           |       |       |    30 ||    30
 Cast: Spider Form       |       |       |     3 ||     3
  Use: Potion            |       |       |     1 ||     1
 Stab: Sleeping          |     9 |    10 |     4 ||    23
       Distracted        |     1 |       |       ||     1
Armor: Robe              |     8 |    41 |    30 ||    79
       Skin              |       |       |     1 ||     1
Dodge: Dodged            |    53 |   270 |   172 ||   495

Levels and vault maps discovered:
D:1:      dpeg_chamrin_arrival_tetris, layout_basic,
          chequers_ecumenical_altar_simple_redux, minmay_misc_feat_columns
D:2:      layout_loops_ring, basic_altar
D:3:      lemuel_castle_with_subvaults [lemuel_castle_interior_carwin_1],
          layout_rooms, uniq_natasha
D:4:      layout_loops_ring, saegor_snake_ambush, uniq_sigmund
D:5:      layout_basic, minmay_temple_entry_junction_2, uniq_crazy_yiuf_cottage
D:6:      layout_loops_ring, grunt_decor_mini_mirrors, nicolae_elemental_shop,
          minivault_11

Notes
Turn   | Place    | Note
-------+----------+-------------------------------------------
     0 | D:1      | sanka the Gnoll Monk began the quest for the Orb.
     0 | D:1      | Reached XP level 1. HP: 23/23 MP: 1/1
   212 | D:1      | Reached XP level 2. HP: 27/29 MP: 2/2
   352 | D:1      | Found a faded altar of an unknown god.
   826 | D:1      | Prayed at the altar of an unknown god.
   826 | D:1      | Became a worshipper of Jiyva Jythrust the Shapeless
   826 | D:1      | Reached * piety under Jiyva
   826 | D:1      | Reached ** piety under Jiyva
   863 | D:1      | Reached XP level 3. HP: 35/35 MP: 3/3
   885 | D:1      | Reached *** piety under Jiyva
  1020 | D:2      | Found a blossoming altar of Fedhas.
  1037 | D:1      | Reached skill level 1 in Invocations
  1048 | D:1      | Reached skill level 1 in Short Blades
  1048 | D:1      | Reached skill level 1 in Long Blades
  1048 | D:1      | Reached skill level 1 in Maces & Flails
  1048 | D:1      | Reached skill level 1 in Polearms
  1048 | D:1      | Reached skill level 1 in Staves
  1048 | D:1      | Reached skill level 1 in Slings
  1048 | D:1      | Reached skill level 1 in Bows
  1048 | D:1      | Reached skill level 1 in Crossbows
  1048 | D:1      | Reached skill level 1 in Throwing
  1048 | D:1      | Reached skill level 1 in Armour
  1048 | D:1      | Reached skill level 1 in Shields
  1048 | D:1      | Reached skill level 1 in Unarmed Combat
  1048 | D:1      | Reached skill level 1 in Spellcasting
  1048 | D:1      | Reached skill level 1 in Evocations
  1064 | D:2      | Reached XP level 4. HP: 41/41 MP: 5/5
  1082 | D:2      | Gained mutation: Your mind is acute. (Int +2) [Jiyva's
                  | grace]
  1082 | D:2      | Gained mutation: Your mind is very acute. (Int +4) [Jiyva's
                  | grace]
  1082 | D:2      | Gained mutation: You have an increased reservoir of magic.
                  | (+10% MP) [Jiyva's grace]
  1082 | D:2      | Gained mutation: You have a considerably increased
                  | reservoir of magic. (+20% MP) [Jiyva's grace]
  1171 | D:2      | Reached skill level 1 in Conjurations
  1171 | D:2      | Reached skill level 1 in Hexes
  1171 | D:2      | Reached skill level 1 in Summonings
  1171 | D:2      | Reached skill level 1 in Necromancy
  1171 | D:2      | Reached skill level 1 in Translocations
  1171 | D:2      | Reached skill level 1 in Transmutations
  1171 | D:2      | Reached skill level 1 in Fire Magic
  1171 | D:2      | Reached skill level 1 in Ice Magic
  1171 | D:2      | Reached skill level 1 in Air Magic
  1171 | D:2      | Reached skill level 1 in Earth Magic
  1171 | D:2      | Reached skill level 1 in Poison Magic
  1258 | D:2      | Learned a level 3 spell: Spider Form
  1428 | D:2      | Reached **** piety under Jiyva
  1840 | D:3      | Reached XP level 5. HP: 38/47 MP: 8/8
  1911 | D:3      | Noticed Natasha
  1940 | D:3      | Killed Natasha
  2287 | D:3      | Reached skill level 2 in Invocations
  2287 | D:3      | Reached XP level 6. HP: 48/53 MP: 10/10
  2326 | D:3      | Noticed Natasha
  2381 | D:3      | Killed Natasha
  2439 | D:3      | Reached skill level 2 in Short Blades
  2439 | D:3      | Reached skill level 2 in Long Blades
  2439 | D:3      | Reached skill level 2 in Maces & Flails
  2439 | D:3      | Reached skill level 2 in Polearms
  2439 | D:3      | Reached skill level 2 in Staves
  2439 | D:3      | Reached skill level 2 in Slings
  2439 | D:3      | Reached skill level 2 in Bows
  2439 | D:3      | Reached skill level 2 in Crossbows
  2439 | D:3      | Reached skill level 2 in Throwing
  2439 | D:3      | Reached skill level 2 in Armour
  2439 | D:3      | Reached skill level 2 in Shields
  2439 | D:3      | Reached skill level 2 in Unarmed Combat
  2439 | D:3      | Reached skill level 2 in Spellcasting
  2439 | D:3      | Reached skill level 2 in Evocations
  2683 | D:3      | Reached XP level 7. HP: 20/59 MP: 12/12
  2712 | D:3      | Killed Natasha
  2753 | D:3      | Reached skill level 7 in Fighting
  2753 | D:3      | Reached skill level 7 in Axes
  2753 | D:3      | Reached skill level 7 in Dodging
  2814 | D:3      | Reached skill level 2 in Conjurations
  2814 | D:3      | Reached skill level 2 in Hexes
  2814 | D:3      | Reached skill level 2 in Summonings
  2814 | D:3      | Reached skill level 2 in Necromancy
  2814 | D:3      | Reached skill level 2 in Translocations
  2814 | D:3      | Reached skill level 2 in Transmutations
  2814 | D:3      | Reached skill level 2 in Fire Magic
  2814 | D:3      | Reached skill level 2 in Ice Magic
  2814 | D:3      | Reached skill level 2 in Air Magic
  2814 | D:3      | Reached skill level 2 in Earth Magic
  2814 | D:3      | Reached skill level 2 in Poison Magic
  3197 | D:4      | Noticed Sigmund
  3261 | D:4      | Killed Sigmund
  3262 | D:4      | Reached skill level 5 in Stealth
  3262 | D:4      | Reached skill level 3 in Invocations
  3312 | D:4      | Reached XP level 8. HP: 67/67 MP: 14/14
  3668 | D:4      | Gained mutation: Your flesh is heat resistant. (rF+)
                  | [Jiyva's grace]
  3668 | D:4      | Gained mutation: Your flesh is very heat resistant. (rF++)
                  | [Jiyva's grace]
  3668 | D:4      | Gained mutation: Your flesh is almost immune to the effects
                  | of heat. (rF+++) [Jiyva's grace]
  3668 | D:4      | Gained mutation: You have acidic saliva. [Jiyva's grace]
  3871 | D:5      | Entered Level 5 of the Dungeon
  3885 | D:5      | Reached skill level 3 in Short Blades
  3885 | D:5      | Reached skill level 3 in Long Blades
  3885 | D:5      | Reached skill level 3 in Maces & Flails
  3885 | D:5      | Reached skill level 3 in Polearms
  3885 | D:5      | Reached skill level 3 in Staves
  3885 | D:5      | Reached skill level 3 in Slings
  3885 | D:5      | Reached skill level 3 in Bows
  3885 | D:5      | Reached skill level 3 in Crossbows
  3885 | D:5      | Reached skill level 3 in Throwing
  3885 | D:5      | Reached skill level 3 in Armour
  3885 | D:5      | Reached skill level 3 in Shields
  3885 | D:5      | Reached skill level 3 in Unarmed Combat
  3885 | D:5      | Reached skill level 3 in Spellcasting
  3885 | D:5      | Reached skill level 3 in Evocations
  3918 | D:5      | Reached ***** piety under Jiyva
  4132 | D:5      | Found a staircase to the Ecumenical Temple.
  4240 | D:5      | Found a runed translucent door.
  4241 | D:5      | Noticed Crazy Yiuf
  4350 | D:5      | Killed Crazy Yiuf
  4351 | D:5      | Reached skill level 4 in Invocations
  4429 | D:5      | HP: 3/63 [poisoned by a scorpion]
  4430 | D:5      | HP: 1/63 [poisoned by a scorpion]
  4431 | D:5      | Slain by a sky beast

Vanquished Creatures
  Sigmund (D:4)
  3 ogres
  A sky beast (D:5)
  A scorpion (D:5)
  2 necrophages
  A howler monkey (D:3)
  2 hounds
  Crazy Yiuf (D:5)
  A gnoll shaman (D:3)
  An iguana (D:5)
  Natasha (twice) (D:3)
  2 orc wizards (D:4)
  24 gnolls
  6 adders
  A white imp (D:5)
  An ufetubus (D:4)
  2 worms (D:3)
  A dart slug (D:1)
  21 orcs
  6 ball pythons
  An endoplasm (D:1)
  2 giant cockroaches
  11 goblins
  6 hobgoblins
  14 jackals
  6 kobolds
  2 quokkas (D:3)
  3 bats
  2 frilled lizards (D:1)
  5 rats
132 creatures vanquished.

Vanquished Creatures (collateral kills)
  A sky beast (D:5)
  An ogre (D:5)
2 creatures vanquished.

Vanquished Creatures (others)
  A scorpion (D:4)
  2 jellies
  A hound (D:3)
  Natasha (D:3)
  2 iguanas (D:4)
  4 gnolls
  4 orcs (D:3)
  2 ball pythons (D:4)
  4 hobgoblins
  3 jackals (D:3)
  A kobold (D:2)
  3 fungi (D:5)
  6 plants
34 creatures vanquished.

Grand Total: 168 creatures vanquished
